 Dungeon Crawl Stone Soup version 0.20.1-1-g8b1a95d (webtiles) character file.

86 Monsterracer the Chiller (level 4, -10/30 HPs)
             Began as a Barachi Ice Elementalist on Sept 15, 2017.
             Mangled by a gnoll
             ... wielding a +0 halberd
              (14 damage)
             ... on level 2 of the Dungeon.
             The game lasted 00:02:46 (2371 turns).

Monsterracer the Chiller (Barachi Ice Elementalist) Turns: 2371, Time: 00:02:47

Health: -10/30     AC:  2    Str: 10    XL:     4   Next: 50%
Magic:  9/9        EV: 12    Int: 16    God:
Gold:   75         SH:  0    Dex: 12    Spells: 3/9 levels left

rFire    . . .     SeeInvis .   f - +1 dagger (venom)
rCold    . . .     Gourm    .   (no shield)
rNeg     . . .     Faith    .   a - +0 robe
rPois    .         Spirit   .   (no helmet)
rElec    .         Reflect  .   (no cloak)
rCorr    .         Harm     .   (no gloves)
MR       .....                  (no boots)
Stlth    ++........             (no amulet)
Regen    0.1/turn               (no ring)
MPRegen  0.2/turn               (no ring)

@: can't hop, slow
A: +LOS, swims, slowness 1, strong legs 1
a: Hop


You were on level 2 of the Dungeon.
You were not hungry.

You visited 1 branch of the dungeon, and saw 2 of its levels.

You collected 75 gold pieces.

Inventory:

Hand Weapons
 f - a +1 dagger of venom (weapon)
Missiles
 j - 2 throwing nets (quivered)
Armour
 a - a +0 robe (worn)
Scrolls
 d - a scroll of immolation {unknown}
 e - a scroll of teleportation {unknown}
 h - a scroll of recharging {unknown}
 k - a scroll of identify {unknown}
Potions
 i - a potion of might {unknown}
Books
 b - a book of Frost

   Spells                             Type                      Level
   a - Freeze                         Ice                          1
   b - Throw Frost                    Conjuration/Ice              2
   c - Ozocubu's Armour               Charms/Ice                   3
   d - Throw Icicle                   Conjuration/Ice              4
   e - Summon Ice Beast               Ice/Summoning                4
Comestibles
 c - 2 bread rations
 g - a meat ration


   Skills:
 - Level 2.1 Dodging
 - Level 1.7 Stealth
 + Level 3.3 Spellcasting
 + Level 1.2 Conjurations
 * Level 5.2 Ice Magic


You had 3 spell levels left.
You knew the following spells:

 Your Spells              Type           Power        Failure   Level  Hunger
a - Freeze                Ice            ###.         1%          1    None
b - Throw Frost           Conj/Ice       ##....       7%          2    ##.....
c - Ozocubu's Armour      Chrm/Ice       ##......     19%         3    ###....


Dungeon Overview and Level Annotations

Branches:
Dungeon (2/15)

Altars:


Innate Abilities, Weirdness & Mutations

Shadows flee at your approach. (+LOS)
You can swim through water.
You cover ground slowly.
You can hop short distances.


Message History

The gnoll shouts!
A gnoll comes into view. It is wielding a whip.
An adder comes into view.
The adder hisses angrily.
The gnoll shouts!
The gnoll hits you from afar with a halberd!
Ouch! That really hurt!
* * * LOW HITPOINT WARNING * * *
The gnoll shouts!
Huge Dmg: -53%(-16hp) hp: 47%(14hp) Hop to where?
Press: ? - help, Dir - move target cursor Boing!
The gnoll hits you from afar with a halberd!
* * * LOW HITPOINT WARNING * * *
Huge Dmg: -37%(-11hp) hp: 10%(3hp)
The gnoll barely misses you.
The adder hisses angrily.
There is a stone staircase leading down here.
The gnoll hits you from afar with a halberd!
You die...

g.##.#..##. ... ... ..##.#..##.#
..# #......# ##### .!#.........
..####....... .....
..#..#.###.####...........# ####
..g....#..................#
#.#.#.##.#.#..............#
#.#....#.#.#..............#
#.###..#.#.#....#########.#
#......#.......S@.......#.#######
#####..#.gg##†g......)...........
##..g...†...########.#.#.#####
#.......†......... #.#.#.#
#.#.....#....##### #.#.#..
#.#...#.#....# #.#.#..#
..#.(.#.#.#.## #.#.#..#
####...#...#.# #.#.....
#...###.#.# #.###.##


You could see 3 gnolls and an adder.

Vanquished Creatures
  3 gnolls
  An adder (D:2)
  2 oozes (D:2)
  2 dart slugs (D:1)
  A leopard gecko (D:1)
  A giant cockroach (D:1)
  4 goblins
  4 hobgoblins
  2 jackals (D:1)
  2 bats (D:1)
  A frilled lizard (D:1)
  7 kobolds
  8 rats (D:1)
38 creatures vanquished.

Notes
Turn   | Place    | Note
-------+----------+-------------------------------------------
     0 | D:1      | Monsterracer the Barachi Ice Elementalist began the quest for the Orb.
     0 | D:1      | Reached XP level 1. HP: 13/13 MP: 3/3
   278 | D:1      | HP: 5/13 [hobgoblin/club (6)]
   279 | D:1      | Reached skill level 4 in Ice Magic
   279 | D:1      | Reached XP level 2. HP: 8/19 MP: 1/5
   459 | D:1      | Learned a level 2 spell: Throw Frost
   853 | D:1      | HP: 9/19 [rat (2)]
  1196 | D:1      | Reached XP level 3. HP: 24/24 MP: 7/7
  1201 | D:1      | Learned a level 3 spell: Ozocubu's Armour
  1685 | D:2      | HP: 12/24 [gnoll/whip (2)]
  1688 | D:2      | HP: 4/24 [gnoll/whip (3)]
  1969 | D:2      | Reached XP level 4. HP: 30/30 MP: 4/8
  1974 | D:2      | Reached skill level 5 in Ice Magic
  2353 | D:2      | HP: 14/30 [gnoll/halberd (16)]
  2362 | D:2      | HP: 3/30 [gnoll/halberd (12)]
  2371 | D:2      | Mangled by a gnoll

Skill      XL: |  1  2  3  4 |
---------------+-------------+-----
Ice Magic      | 4 5 |  5.2
Spellcasting   | 3 |  3.3
Dodging        | |  2.1
Stealth        | |  1.7
Conjurations   | |  1.2

Action                   |  1- 3 |  4- 6 || total
-------------------------+-------+-------++-------
Melee: Dagger            |    71 |    15 ||    86
       Unarmed           |     5 |       ||     5
 Cast: Freeze            |    18 |    10 ||    28
       Ozocubu's Armour  |     2 |       ||     2
 Abil: Hop               |       |     1 ||     1
 Stab: Sleeping          |     4 |       ||     4
  Eat: Chunk             |     3 |     2 ||     5
Armor: Robe              |    12 |     4 ||    16
Dodge: Dodged            |    54 |    14 ||    68
